 Dungeon Crawl Stone Soup version 0.18-b1-10-g3f7de93 (webtiles) character file.

81 Chiseanne the Skirmisher (level 4, -1/48 HPs)
             Began as a Troll Monk on Apr 29, 2016.
             Slain by Shenda's ghost (11 damage)
             ... on level 3 of the Dungeon.
             The game lasted 00:02:48 (1328 turns).

Chiseanne the Skirmisher (Troll Monk)               Turns: 1328, Time: 00:02:49

Health: -1/48      AC:  5    Str: 19    XL:     4   Next: 20%
Magic:  3/3        EV:  5    Int:  6    God:
Gold:   72         SH:  0    Dex: 13    Spells: 0 memorised, 3 levels left

rFire  . . .     SeeInvis .       - Unarmed
rCold  . . .     Gourm    +     a - +0 robe
rNeg   . . .     Faith    .     (no shield)
rPois  .         Spirit   .     (helmet restricted)
rElec  .         Dismiss  .     (no cloak)
rCorr  .         Reflect  .     (gloves unavailable)
SustAt .         Harm     .     (boots unavailable)
MR     .....                    (no amulet)
Stlth  +.........               (no ring)
                                (no ring)

@: not resistant to hostile enchantments, very unstealthy
A: unfitting armour, claws 3, fast metabolism 3, gourmand, regeneration 2,
shaggy fur 1, tough skin 2
a: no special abilities


You were on level 3 of the Dungeon.
You were very full.

You visited 1 branch of the dungeon, and saw 3 of its levels.

You collected 72 gold pieces.

Inventory:

Missiles
 d - 17 sling bullets
 g - 24 arrows
 i - 36 stones (quivered)
 p - 6 tomahawks
Armour
 a - a +0 robe (worn)
Scrolls
 e - 2 scrolls of identify {unknown}
 f - 2 scrolls of teleportation {unknown}
 h - a scroll of noise {unknown}
 j - 2 scrolls of enchant weapon {unknown}
 l - a scroll of magic mapping {unknown}
Potions
 k - a potion of heal wounds {unknown}
 m - a potion of beneficial mutation {unknown}
 n - a potion of brilliance {unknown}
 o - a potion of mutation {unknown}
Comestibles
 b - 4 bread rations
 c - a slice of pizza


   Skills:
 + Level 4.2 Fighting
 - Level 2.4 Dodging
 - Level 1.1 Stealth
 - Level 4.0 Unarmed Combat


You had 3 spell levels left.
You didn't know any spells.

Dungeon Overview and Level Annotations

Branches:
Dungeon (3/15)

Altars:
Trog
Zin

Annotations:
D:3 Shenda's ghost, amateur HOFi


Innate Abilities, Weirdness & Mutations

You are too large for most types of armour.
You have claws for hands.
Your metabolism is lightning-fast.
You like to eat raw meat.
You heal very quickly.
You are covered in fur (AC +1).
You have very tough skin (AC +2).


Message History

Shenda's ghost hits you.
You claw Shenda's ghost!
Shenda's ghost is moderately damaged.
Shenda's ghost barely misses you.
You claw Shenda's ghost!
Shenda's ghost is heavily damaged.
Shenda's ghost hits you!
You barely miss Shenda's ghost.
Shenda's ghost is heavily damaged.
Shenda's ghost hits you!!
You scratch Shenda's ghost.
Shenda's ghost is heavily damaged.
Shenda's ghost barely misses you.
You scratch Shenda's ghost but do no damage.
Shenda's ghost is heavily damaged.
Shenda's ghost hits you!
* * * LOW HITPOINT WARNING * * *
Shenda's ghost wails, "You will join me soon!"
Shenda's ghost hits you!
You die...

#.......#
##.......#
.........#
.........#
.........#
.........#
.......W.#
.......@.+
.........#
.......(.#
.........#
##########


You could see Shenda's ghost.

Vanquished Creatures
  3 adders (D:2)
  2 oozes (D:2)
  A worm (D:2)
  2 giant geckos
  5 giant cockroaches
  5 goblins
  3 hobgoblins
  A jackal (D:2)
  2 kobolds (D:1)
  A quokka (D:2)
  4 bats
  5 giant newts
  7 rats
41 creatures vanquished.

Notes
Turn   | Place    | Note
--------------------------------------------------------------
     0 | D:1      | Chiseanne the Troll Monk began the quest for the Orb.
     0 | D:1      | Reached XP level 1. HP: 22/22 MP: 0/0
    97 | D:1      | Reached XP level 2. HP: 26/29 MP: 1/1
   672 | D:2      | Found a bloodstained altar of Trog.
   768 | D:2      | Reached XP level 3. HP: 37/37 MP: 2/2
   821 | D:2      | Found a glowing silver altar of Zin.
   921 | D:2      | Reached XP level 4. HP: 40/48 MP: 3/3
  1319 | D:3      | Noticed Shenda's ghost (amateur HOFi)
  1328 | D:3      | Slain by Shenda's ghost

Skill      XL: |  1  2  3 |
---------------+----------+-----
Fighting       | 3 4 |  4.2
Dodging        | |  2.4
Stealth        | |  1.1
Unarmed Combat | |  4.0

Action                   |  1- 3 |  4- 6 || total
-------------------------+-------+-------++-------
Melee: Unarmed           |   105 |    17 ||   122
       Punch             |     1 |     1 ||     2
 Stab: Sleeping          |     2 |     1 ||     3
  Eat: Chunk             |    13 |     3 ||    16
Armor: Robe              |    46 |     3 ||    49
Dodge: Dodged            |    52 |     7 ||    59
